Map: Inside and Out

Players

DisReSpeCT

  • Race: Terran Terran
  • Spawn Location: 7:00

MaNa - Winner!

  • Race: Protoss Protoss
  • Spawn Location: 1:00

Event: DreamHack SC2 Masters 2022 Atlanta (Offline)

VOD

Have the link to the VOD?

Description

Time

  • Played on: Nov. 18, 2022, 11:40 a.m.
  • Length: 4:02

All games in this series

Show
View Real Time Build Order
Export as new Build Order

DisReSpeCT Terran 

Build Orders: Cyclone Opening 

Get SALT Encoding   

  12  0:00  SCV  
  13  0:12  SCV  
  14  0:17  Supply Depot  
  14  0:24  SCV  
  15  0:38  SCV  
  15  0:41  Barracks  
  16  0:43  Refinery  
  16  0:50  SCV  
  17  1:03  SCV  
  18  1:15  SCV  
  19  1:28  Marine, Orbital Command  
  20  1:41  Command Center  
  20  1:51  Factory  
  20  1:55  SCV  
  20  2:00  Barracks Tech Lab  
  21  2:05  Supply Depot  
  21  2:09  SCV  
  22  2:26  Barracks  
  22  2:28  Barracks  
  22  2:30  Barracks Reactor  
  22  2:32  SCV  
  23  2:48  Cyclone  
  26  2:53  SCV  
  26  2:57  Refinery  
  26  2:58  Supply Depot  
  25  3:05  SCV  
  25  3:06  Marine x2  
  28  3:13  Marine  
  28  3:15  Marine  
  30  3:23  Marine  
  30  3:24  Marine  
  32  3:28  Siege Tank  
  32  3:31  Supply Depot  
  35  3:34  SCV  
  36  3:42  Barracks Tech Lab  
  36  3:43  Barracks Reactor  
Show
View Real Time Build Order
Export as new Build Order

MaNa Protoss - Winner!

Build Orders: 1 Gate Expand, Oracle Opening 

Get SALT Encoding   

  12  0:00  Probe  
  13  0:12  Probe  
  14  0:18  Pylon  
  14  0:24  Probe (Chrono Boost)  
  15  0:36  Gateway, Probe (Chrono Boost)  
  16  0:44  Probe (Chrono Boost)  
  16  0:45  Assimilator  
  17  0:50  Probe  
  18  1:03  Probe  
  19  1:15  Probe  
  20  1:23  Cybernetics Core  
  20  1:33  Nexus  
  20  1:40  Pylon  
  20  1:43  Probe  
  21  1:49  Assimilator  
  21  1:56  Adept (Chrono Boost)  
  21  1:59  Probe  
  24  2:12  Probe  
  25  2:15  Stargate  
  25  2:17  Adept (Chrono Boost)  
  27  2:24  Probe  
  28  2:36  Probe  
  29  2:39  Adept  
  31  2:47  Probe  
  31  2:48  Probe  
  33  3:00  Oracle (Chrono Boost), Probe x2  
  38  3:13  Probe x2 (Chrono Boost)  
  40  3:21  Robotics Facility  
  40  3:23  Assimilator  
  40  3:25  Probe (Chrono Boost)  
  42  3:28  Gateway  
  42  3:31  Probe (Chrono Boost)  
  42  3:33  Pylon  
  42  3:35  Probe (Chrono Boost)  
  42  3:38  Probe  
  44  3:45  Probe  
Tags
 
Add a new tag
Caveats
  • Supply blocks, unpowered buildings, or Contaminate may cause inaccurate times.
  • Supply counts are checked every 10 seconds.